 Dungeon Crawl Stone Soup version 0.29-a0-344-ge2f44be95a (console) character file.

Game seed: 3780978793614054148

211 Ignak the Skirmisher (level 5, -1/54 HPs)
             Began as an Ogre Warper on Apr 21, 2022.
             Succumbed to a kobold's poison
             ... on level 4 of the Dungeon.
             The game lasted 00:08:36 (3246 turns).

Ignak the Skirmisher (Ogre Warper)                  Turns: 3246, Time: 00:08:36

Health: -1/54      AC:  3    Str: 17      XL:     5   Next: 88%
Magic:  6/9        EV: 14    Int: 12 (14) God:
Gold:   192        SH:  0    Dex:  8      Spells: 0/10 levels left

rFire   . . .      SeeInvis .   d - +1 short sword (flame)
rCold   . . .      Faith    .   (no shield)
rNeg    . . .      Spirit   .   b - +0 robe
rPois   .          Reflect  .   (helmet restricted)
rElec   .          Harm     .   (no cloak)
rCorr   .          Rampage  .   (gloves unavailable)
Will    .....                   (boots unavailable)
Stlth   +.........              (no amulet)
HPRegen 0.18/turn               p - +4 ring of evasion
MPRegen 0.11/turn               (no ring)

@: lethally poisoned (-1 -> -14), on blink cooldown
A: large, unfitting armour, tough skin 1
a: no special abilities


You were on level 4 of the Dungeon.
You visited 1 branch of the dungeon, and saw 4 of its levels.

You collected 192 gold pieces.

Inventory:

Hand Weapons
 a - a +0 mace
 d - a +1 short sword of flaming (weapon)
 f - a +0 dagger of venom
 i - a +2 vorpal hunting sling
Missiles
 r - 3 poisoned darts (quivered)
Armour
 b - a +0 robe (worn)
Jewellery
 p - a +4 ring of evasion (left hand)
Scrolls
 c - 2 scrolls of blinking
 e - 2 scrolls of identify
 g - a scroll of magic mapping
 h - a scroll of fear
 j - a scroll of brand weapon {unknown}
 l - 3 scrolls of teleportation
 m - a scroll of fog
Potions
 q - a potion of cancellation


   Skills:
 * Level 4.0 Fighting
 * Level 2.9 Maces & Flails
 + Level 2.0 Throwing
 + Level 2.6 Dodging
 - Level 1.0 Unarmed Combat
 * Level 3.3 Spellcasting
 * Level 3.4 Translocations


You couldn't memorise any spells.
You knew the following spells:

 Your Spells              Type           Power      Damage    Failure   Level
a - Teleport Other        Tloc           10%        N/A       19%         3
b - Blink                 Tloc           20%        N/A       9%          2
z - Manifold Assault      Tloc           10%        N/A       86%         5

Your spell library contained the following spells:

 Spells                   Type           Power      Damage    Failure   Level
 Gell's Gravitas          Tloc           10%        N/A       19%         3
 Lesser Beckoning         Tloc           10%        N/A       19%         3
 Portal Projectile        Hex/Tloc       12%        N/A       34%         3
 Call Canine Familiar     Summ           1%         N/A       58%         3
 Tukima's Dance           Hex            1%         N/A       58%         3
 Anguish                  Hex/Necr       0%         N/A       94%         4
 Leda's Liquefaction      Hex/Erth       0%         N/A       94%         4
 Dispersal                Tloc           5%         N/A       100%        6
 Enfeeble                 Hex            0%         N/A       100%        7


Dungeon Overview and Level Annotations

Branches:
Dungeon (4/15)
 Temple: D:4-7

Altars:
Dithmenos

Shops:
D:2 [   D:3 :   D:4 [


Innate Abilities, Weirdness & Mutations

You are too large for most types of armour.
You have tough skin. (AC +1)


Message History

* * * LOW HITPOINT WARNING * * *
Something shocks you.
* * * LOW HITPOINT WARNING * * *
Cast which spell? (? or * to list)
You blink.
A kobold comes into view.
It is wielding a +0 club and quivering poisoned darts.
You feel stable enough to blink again.
The kobold shouts!
The kobold throws a poisoned dart.
The poisoned dart closely misses you. The kobold barely misses you.
You hit the kobold. You burn the kobold.
The kobold is heavily wounded.
The kobold barely misses you.
You closely miss the kobold.
The kobold is heavily wounded.
The kobold hits you with a +0 club.
* * * LOW HITPOINT WARNING * * *
You completely miss the kobold.
The kobold is heavily wounded.
The kobold hits you but does no damage.
Casting: Blink (safe; 9% risk of failure)
Confirm with . or Enter, or press ? or * to list all spells.
You blink.
Found 18 gold pieces.
The kobold throws a poisoned dart.
The poisoned dart hits you!
You are lethally poisoned!
Okay, then.
Throw: 4 darts (poison)
Press: ? - help, Q - select action, (/) - cycle Shift-Dir - straight line, f - kobold
Aim: a kobold, wielding a +0 club and quivering poisoned darts (moderately wounded, 50% to hit)
You throw a poisoned dart. The poisoned dart hits the kobold.
The kobold is poisoned.
The kobold is moderately wounded.
* * * LOW HITPOINT WARNING * * *
You feel very sick.
The kobold throws a poisoned dart.
The poisoned dart hits you!
You are more poisoned.
* * * LOW HITPOINT WARNING * * *
You feel very sick.
Drinking this now will have no effect.
You die...

### ## .. #. #. #.
#.#### ##. #..@.#####
.#. ###.........
.#.##########......#####
.#.............###.#
.#..####ยง....... ...
....# #(K.....#. .#.#
....# ######....# #.#
....# ##.. . . ...## ...
..


You could see a kobold (poisoned).

Vanquished Creatures
  A necrophage (D:3)
  An orc priest (D:3)
  4 adders
  A worm (D:3)
  A dart slug (D:1)
  6 orcs
  4 bats
  6 endoplasms
  3 giant cockroaches
  5 goblins
  9 hobgoblins
  12 ball pythons
  5 frilled lizards
  4 kobolds
  8 rats
70 creatures vanquished.

Vanquished Creatures (others)
  10 plants (D:1)
10 creatures vanquished.

Grand Total: 80 creatures vanquished

Notes
Turn   | Place    | Note
-------+----------+-------------------------------------------
     0 | D:1      | Ignak the Ogre Warper began the quest for the Orb.
     0 | D:1      | Reached XP level 1. HP: 22/22 MP: 3/3
   533 | D:1      | Reached XP level 2. HP: 26/29 MP: 3/5
   831 | D:1      | Reached skill level 3 in Fighting
  1008 | D:1      | Reached XP level 3. HP: 23/37 MP: 6/6
  1756 | D:2      | Found a shadowy altar of Dithmenos.
  1831 | D:2      | Reached XP level 4. HP: 41/45 MP: 8/8
  1941 | D:2      | Found Pottox's Armour Shoppe.
  2012 | D:3      | Reached skill level 1 in Unarmed Combat
  2299 | D:3      | Noticed a necrophage
  2318 | D:3      | Killed a necrophage
  2319 | D:3      | Reached XP level 5. HP: 31/54 MP: 9/9
  2498 | D:3      | Learned a level 2 spell: Blink
  2502 | D:3      | Learned a level 3 spell: Teleport Other
  2508 | D:3      | Learned a level 5 spell: Manifold Assault
  2777 | D:3      | Found Biess's Book Boutique.
  2951 | D:3      | Reached skill level 4 in Fighting
  3204 | D:4      | Found Hoetiofe's Antique Armour Shop.
  3216 | D:4      | Noticed a sky beast
  3245 | D:4      | HP: 2/54 [poisoned by a kobold]
  3246 | D:4      | Succumbed to a kobold's poison

Illustrated notes

Levels and vault maps discovered:
D:1:      doesnt_arrival_eight_statues, layout_basic, serial_park_tiny_1,
          minmay_misc_feat_encased, chequers_serial_rivers_large_a,
          serial_bayou_lake_a
D:2:      layout_rooms, basic_altar, serial_shops, shop,
          chequers_serial_rivers_micro_d, minmay_misc_feat_plants
D:3:      layout_basic, serial_shops, shop, minmay_misc_feat_x
D:4:      layout_basic, chequers_temple_overflow_minitemple,
          minmay_temple_entry_purple_smoke, serial_shops,
          nicolae_shop_hallway_plus

Skill      XL: |  1  2  3  4  5 |
---------------+----------------+-----
Maces & Flails | 2 |  2.9
Fighting       | 3 4 |  4.0
Translocations | 3 |  3.4
Unarmed Combat | 1 |  1.0
Spellcasting   | 3 |  3.3
Throwing       | 2 |  2.0
Dodging        | |  2.6

Action                   |  1- 3 |  4- 6 || total
-------------------------+-------+-------++-------
Melee: Mace              |    22 |       ||    22
       Dagger            |   110 |    28 ||   138
       Punch             |     2 |     2 ||     4
       Short sword       |       |   123 ||   123
Throw: Dart              |       |     5 ||     5
 Cast: Blink             |       |     2 ||     2
  Use: Potion            |       |     7 ||     7
       Scroll            |       |     5 ||     5
 Stab: Sleeping          |     1 |       ||     1
Armor: Robe              |    49 |    27 ||    76
Dodge: Dodged            |    70 |    78 ||   148

Table legend: (Time is in decaauts)
 A = Elapsed time spent in this place.
 B = Non-inter-level travel time spent in this place.
 C = Inter-level travel time spent in this place.
 D = Time resting spent in this place.
 E = Time spent auto-exploring this place.
 F = Levels seen in this place.
 G = Mean time per level.
                   A        B        C        D        E       F      G
               +--------+--------+--------+--------+--------+-----+--------+
         Total |   3296 |   3235 |     61 |    552 |   1719 |   4 |  824.0 |
       Dungeon |   3296 |   3235 |     61 |    552 |   1719 |   4 |  824.0 |
               +--------+--------+--------+--------+--------+-----+--------+

Top non-repeatable levels by time:
     D:1: 1392 daAuts
     D:3: 1014 daAuts
     D:2: 822 daAuts
     D:4: 67 daAuts
